 Dungeon Crawl Stone Soup version 0.18.1-8-gdd0e5ea (webtiles) character file.

1325 deorigin the Magician (level 8, -11/52 HPs)
             Began as a Demonspawn Ice Elementalist on May 31, 2016.
             Mangled by an ogre
             ... wielding a +0 giant club
              (24 damage)
             ... on level 7 of the Dungeon on June 1, 2016.
             The game lasted 00:21:44 (9817 turns).

deorigin the Magician (Demonspawn Ice Elementalist) Turns: 9817, Time: 00:21:44

Health: -11/52     AC:  4    Str:  8    XL:     8   Next: 34%
Magic:  11/18      EV: 11    Int: 20    God:
Gold:   287        SH:  0    Dex: 13    Spells: 4 memorised, 8 levels left

rFire  . . .     SeeInvis .     (no weapon)
rCold  . . .     Gourm    .     G - +0 leather armour
rNeg   . . .     Faith    .     (no shield)
rPois  .         Spirit   .     C - +0 helmet
rElec  .         Dismiss  .     (no cloak)
rCorr  .         Reflect  .     (no gloves)
SustAt .         Harm     .     (no boots)
MR     .....                    (no amulet)
Stlth  +.........               (no ring)
                                (no ring)

@: very slightly contaminated, heavily drained, not resistant to hostile
enchantments, very unstealthy
A: claws 2, demonic guardian 1, sturdy frame 1
a: no special abilities


You were on level 7 of the Dungeon.
You were not hungry.

You visited 1 branch of the dungeon, and saw 7 of its levels.

You collected 287 gold pieces.

Inventory:

Hand Weapons
 g - a +0 dagger
 n - a +0 hand axe
 I - a +1 dagger of venom
Missiles
 m - 98 stones (quivered)
 s - 25 poisoned needles
 F - a throwing net
Armour
 a - a +0 robe
 k - a +0 ring mail
 A - a +0 scale mail
 C - a +0 helmet (worn)
 G - a +0 leather armour (worn)
 K - a +0 ring mail
Jewellery
 u - an uncursed ring of fire
Wands
 z - a wand of disintegration (16/24)
Scrolls
 d - a scroll of enchant weapon {unknown}
 e - a scroll of noise {unknown}
 l - 2 scrolls of teleportation
 o - a scroll of amnesia {unknown}
 p - 4 scrolls of recharging {unknown}
 q - 3 scrolls of remove curse {unknown}
 r - 2 scrolls of identify
 y - a scroll of random uselessness {unknown}
 B - a scroll of fog {unknown}
 D - a scroll of blinking {unknown}
Potions
 h - 3 potions of lignification
 i - a potion of curing
 j - a potion of agility {unknown}
 t - a potion of haste {unknown}
 v - a potion of heal wounds {unknown}
 x - a potion of magic {unknown}
 H - a potion of cure mutation {unknown}
Books
 b - a book of Frost

   Spells                             Type                      Level
   a - Freeze                         Ice                          1
   b - Throw Frost                    Conjuration/Ice              2
   c - Ozocubu's Armour               Charms/Ice                   3
   d - Throw Icicle                   Conjuration/Ice              4
   e - Summon Ice Beast               Ice/Summoning                4
 E - a book of Alchemy

   Spells                             Type                      Level
   a - Sublimation of Blood           Necromancy                   2
   b - Ignite Poison                  Fire/Transmutation/Poison    3
   c - Petrify                        Transmutation/Earth          4
   d - Alistair's Intoxication        Transmutation/Poison         5
   e - Irradiate                      Conjuration/Transmutation    5
Comestibles
 c - 5 bread rations
 f - 4 meat rations
 w - 5 fruits
 J - 2 chunks of flesh


   Skills:
 - Level 1.7(0.0) Dodging
 - Level 1.7(0.0) Stealth
 - Level 2.0(0.0) Unarmed Combat
 * Level 6.6(4.1) Spellcasting
 - Level 1.0(0.0) Conjurations
 - Level 1.2(0.0) Charms
 - Level 3.1(0.7) Summonings
 * Level 5.9(3.4) Ice Magic


You had 8 spell levels left.
You knew the following spells:

 Your Spells              Type           Power        Failure   Level  Hunger
a - Freeze                Ice            ###.         4%          1    None
b - Ozocubu's Armour      Chrm/Ice       ##......     21%         3    ###....
c - Summon Ice Beast      Ice/Summ       ##......     63%         4    ####...
d - Throw Icicle          Conj/Ice       ##......     75%         4    ####...


Dungeon Overview and Level Annotations

Branches:
Dungeon (7/15)
 Temple: D:4-7

Altars:
Cheibriados
Nemelex Xobeh
Ru
Zin
The Shining One

Shops:
D:4 :

Annotations:
D:5 Pikel


Innate Abilities, Weirdness & Mutations

You have very sharp fingernails.
A weak demonic guardian rushes to your aid.
Your movements are slightly less encumbered by armour (ER -2).


Message History

Confirm with . or Enter, or press ? or * to list all spells.
Aiming: Freeze
Press: ? - help, Shift-Dir - straight line, f/p - ogre
Aim: an ogre, wielding a giant club (heavily wounded)
You freeze the ogre.
The ogre is severely wounded.
The ogre hits you with a giant club!
* * * LOW HITPOINT WARNING * * *
The giant gecko bites you.
* * * LOW HITPOINT WARNING * * *
Casting: Freeze
Confirm with . or Enter, or press ? or * to list all spells.
Aiming: Freeze
Press: ? - help, Shift-Dir - straight line, f/p - ogre
Aim: an ogre, wielding a giant club (severely wounded)
You freeze the ogre.
The ogre is almost dead.
The giant gecko bites you but does no damage.
The ogre hits you with a giant club!!
You die...

#..###... #
##.....#. #.
#...>...
.##......#
...(....####
#..........
#.lO..<######
.###.5@##.......
.................
#.###......#####
###.##.#
####.##.#####...
................
####.##.#####...
#.##.# #.##.##


You could see an ogre, a giant gecko and a friendly iron imp.

Vanquished Creatures
  Menkaure (D:5)
  4 slaves (D:5)
  4 ogres
  A big kobold (D:4)
  A wight (D:6)
  A giant frog zombie (D:5)
  A giant frog skeleton (D:5)
  An orc priest (D:5)
  2 hounds (D:4)
  2 iguanas (D:5)
  2 hound skeletons
  A howler monkey zombie (D:4)
  2 gnolls (D:5)
  A worker ant zombie (D:5)
  15 adders
  A shadow imp (D:5)
  2 oozes
  2 worms
  2 dart slugs
  4 giant geckos
  9 orcs
  11 bats
  5 giant cockroaches
  7 goblins
  4 hobgoblins
  5 jackals
  2 quokkas
  6 ball pythons
  A giant gecko skeleton (D:5)
  10 giant newts
  A jackal skeleton (D:4)
  10 kobolds
  4 rats
125 creatures vanquished.

Vanquished Creatures (collateral kills)
  A phantom (D:5)
  An ogre (D:4)
  2 giant frogs
  A jelly (D:5)
  An orc priest (D:5)
  A killer bee zombie (D:5)
  A gnoll (D:5)
  A jackal (D:5)
9 creatures vanquished.

Grand Total: 134 creatures vanquished

Notes
Turn   | Place    | Note
--------------------------------------------------------------
     0 | D:1      | deorigin the Demonspawn Ice Elementalist began the quest for the Orb.
     0 | D:1      | Reached XP level 1. HP: 13/13 MP: 3/3
   256 | D:1      | Gained mutation: You have sharp fingernails. [demonic ancestry]
   256 | D:1      | Reached XP level 2. HP: 19/19 MP: 3/5
   903 | D:1      | Reached XP level 3. HP: 24/24 MP: 3/6
   911 | D:1      | Learned a level 3 spell: Ozocubu's Armour
  1807 | D:2      | Gained mutation: A weak demonic guardian rushes to your aid. [demonic ancestry]
  1807 | D:2      | Reached XP level 4. HP: 29/30 MP: 2/7
  3064 | D:3      | Reached skill level 5 in Ice Magic
  3125 | D:3      | Gained mutation: You have very sharp fingernails. [demonic ancestry]
  3125 | D:3      | Reached XP level 5. HP: 32/35 MP: 4/8
  3515 | D:4      | Reached skill level 1 in Charms
  3618 | D:4      | Noticed an ogre
  3684 | D:4      | Found Ocvazop's Book Emporium.
  3829 | D:4      | Learned a level 4 spell: Summon Ice Beast
  3916 | D:4      | Noticed an ogre
  3931 | D:4      | Killed an ogre
  3931 | D:4      | Reached XP level 6. HP: 37/41 MP: 4/9
  3997 | D:4      | Reached skill level 1 in Unarmed Combat
  3997 | D:4      | Reached skill level 1 in Summonings
  4052 | D:4      | Found a snail-covered altar of Cheibriados.
  4052 | D:4      | Found a glowing golden altar of the Shining One.
  4558 | D:4      | Reached skill level 3 in Spellcasting
  4558 | D:4      | Reached XP level 7. HP: 25/46 MP: 8/11
  4810 | D:4      | Learned a level 4 spell: Throw Icicle
  4889 | D:5      | Entered Level 5 of the Dungeon
  5507 | D:5      | Noticed Pikel
  6462 | D:5      | Noticed Menkaure
  6468 | D:5      | Killed Menkaure
  6468 | D:5      | Reached skill level 4 in Spellcasting
  6655 | D:5      | Reached skill level 5 in Spellcasting
  7022 | D:5      | Gained mutation: Your movements are slightly less encumbered by armour (ER -2). [demonic ancestry]
  7022 | D:5      | Reached XP level 8. HP: 19/52 MP: 9/16
  7865 | D:5      | Reached skill level 6 in Spellcasting
  9373 | D:6      | Found a sparkling altar of Nemelex Xobeh.
  9444 | D:6      | Found a sacrificial altar of Ru.
  9627 | D:6      | Found a glowing silver altar of Zin.
  9817 | D:7      | Mangled by an ogre

Skill      XL: |  1  2  3  4  5  6  7  8 |
---------------+-------------------------+-----
Ice Magic      | 3 4 5 |  5.9
Charms         | 1 |  1.2
Unarmed Combat | 2 |  2.0
Summonings     | 2 3 |  3.1
Spellcasting   | 3 5 6 |  6.6
Dodging        | |  1.7
Stealth        | |  1.7
Conjurations   | |  1.0

Action                   |  1- 3 |  4- 6 |  7- 9 || total
-------------------------+-------+-------+-------++-------
Melee: Unarmed           |     6 |    97 |   152 ||   255
       Hand axe          |    37 |    12 |       ||    49
       Dagger            |       |    26 |       ||    26
       Punch             |       |       |     2 ||     2
Throw: Stone             |       |       |     1 ||     1
 Cast: Freeze            |    50 |    55 |    64 ||   169
       Ozocubu's Armour  |       |     6 |    21 ||    27
       Summon Ice Beast  |       |       |     3 ||     3
  Use: Scroll            |       |       |     4 ||     4
       Potion            |       |       |     1 ||     1
 Stab: Sleeping          |     1 |     3 |     2 ||     6
       Distracted        |       |       |     1 ||     1
  Eat: Chunk             |     2 |    12 |    18 ||    32
Armor: Robe              |    13 |    33 |    22 ||    68
       Leather armour    |       |       |    18 ||    18
Dodge: Dodged            |    73 |   111 |   134 ||   318
